 Dungeon Crawl Stone Soup version 0.27-a0-54-g64bdb92e38 (webtiles) character file.

Game seed: 787322001287922495

26765 Borgoz the Basher (level 13, -12/82 HPs)
             Began as a Gargoyle Gladiator on Jan 7, 2021.
             Was a Believer of Ashenzari.
             Mangled by an orc warrior
             ... wielding a +0 trident
              (17 damage)
             ... on level 12 of the Dungeon.
             The game lasted 00:30:56 (15146 turns).

Borgoz the Basher (Gargoyle Gladiator)             Turns: 15146, Time: 00:30:57

Health: -12/82     AC: 22    Str: 19    XL:     13   Next: 28%
Magic:  13/13      EV: 18    Int:  9    God:    Ashenzari [**....]
Gold:   985        SH: 11    Dex: 17    Spells: 12/12 levels left

rFire    + . .     SeeInvis .   B - +2 flail (drain)
rCold    + + .     Faith    .   G - +0 buckler
rNeg     + + .     Spirit   .   o - +0 ring mail "Sezot" {Rampage Dex+2 Slay+5 Stlth-}
rPois    ∞         Reflect  +   K - +2 hat
rElec    +         Harm     .   D - scarf {rC+ rF+}
rCorr    .         Rampage  +   r - +0 pair of gloves
Will     .....                  i - +1 pair of boots
Stlth    +.........             f - amulet of reflection
HPRegen  0.23/turn              s - ring of positive energy
MPRegen  0.13/turn              x - ring of protection from cold

@: about to teleport
A: negative energy resistance 1, electricity resistance, unbreathing,
petrification resistance, miasma immunity, AC +9
a: Renounce Religion, Curse Item, Scrying


You were on level 12 of the Dungeon.
You worshipped Ashenzari.
Ashenzari was pleased with you.
You visited 3 branches of the dungeon, and saw 14 of its levels.
You also visited: Ossuary.

You collected 1916 gold pieces.
You spent 931 gold pieces at shops.

Inventory:

Hand Weapons
 B - a +2 flail of draining (weapon)
Missiles
 d - 6 throwing nets (quivered)
Armour
 i - a +1 pair of boots (worn)
 o - the +0 ring mail "Sezot" (worn) {Rampage Dex+2 Slay+5 Stlth-}
   (You took it off an orc on level 10 of the Dungeon)

   It affects your dexterity (+2).
   It affects your accuracy and damage with ranged weapons and melee attacks
   (+5).
   It bestows one free step when moving towards enemies.
   It makes you less stealthy.
 r - a +0 pair of gloves (worn)
 D - a scarf of resistance (worn)
 G - a +0 buckler (worn)
 J - a +4 ring mail of fire resistance
 K - a +2 hat (worn)
Jewellery
 f - an amulet of reflection (around neck)
 s - a ring of positive energy (left hand)
 x - a ring of protection from cold (right hand)
Wands
 a - a wand of iceblast (9)
 t - a wand of digging (3)
 u - a wand of disintegration (9)
 z - a wand of paralysis (2)
 C - a wand of flame (32)
Scrolls
 e - 5 scrolls of magic mapping
 m - 2 scrolls of blinking
 n - 3 scrolls of enchant weapon
 p - 4 scrolls of fear
 q - 5 scrolls of teleportation
 v - 3 scrolls of enchant armour
 y - 8 scrolls of remove curse
Potions
 b - a potion of heal wounds
 g - 2 potions of flight
 h - 3 potions of brilliance
 j - 3 potions of cancellation
 k - a potion of magic {unknown}
 l - 5 potions of curing
 w - 3 potions of might
 A - a potion of berserk rage
 E - a potion of ambrosia
 F - 2 potions of mutation
 H - a potion of haste {unknown}
 I - 3 potions of resistance
 L - a potion of attraction {unknown}


   Skills:
 + Level 9.8 Fighting
 * Level 12.5 Maces & Flails
 - Level 1.7 Throwing
 + Level 9.4 Armour
 * Level 10.7 Dodging
 - Level 5.0 Stealth
 - Level 5.0 Shields


You had 12 spell levels left.
You didn't know any spells.
Your spell library contained the following spells:

 Spells                   Type           Power        Failure   Level
 Animate Skeleton         Necr           0%           54%         1
 Apportation              Tloc           0%           54%         1
 Corona                   Hex            0%           54%         1
 Shock                    Conj/Air       0%           54%         1
 Summon Small Mammal      Summ           0%           54%         1
 Ensorcelled Hibernation  Hex/Ice        0%           67%         2
 Passwall                 Tmut/Erth      0%           67%         2
 Swiftness                Air            0%           67%         2
 Confusing Touch          Hex            0%           88%         3
 Dazzling Flash           Conj/Hex       0%           88%         3
 Gell's Gravitas          Tloc           0%           88%         3
 Static Discharge         Conj/Air       0%           88%         3
 Tukima's Dance           Hex            0%           88%         3
 Airstrike                Air            0%           99%         4
 Passage of Golubria      Tloc           N/A          99%         4
 Petrify                  Tmut/Erth      0%           99%         4
 Bolt of Magma            Conj/Fire/Erth 0%           100%        5
 Iskenderun's Battlesphe  Conj           0%           100%        5
 Lee's Rapid Deconstruct  Erth           0%           100%        5
 Lightning Bolt           Conj/Air       0%           100%        5
 Metabolic Englaciation   Hex/Ice        0%           100%        5
 Yara's Violent Unravell  Hex/Tmut       0%           100%        5
 Invisibility             Hex            0%           100%        6
 Iron Shot                Conj/Erth      0%           100%        6
 Orb of Destruction       Conj           0%           100%        7
 Spellforged Servitor     Conj/Summ      0%           100%        7


Dungeon Overview and Level Annotations

Branches:
Dungeon (12/15)            Temple (1/1) D:7            Lair (1/6) D:11
    Orc (0/2) D:12        Ossuary (visited)

Altars:
Ashenzari
Cheibriados
Dithmenos
Elyvilon
Fedhas
Gozag
Hepliaklqana
Kikubaaqudgha
Makhleb
Nemelex Xobeh
Okawaru
Qazlal
Ru
Sif Muna
Trog
Uskayaw
Vehumet
Wu Jian
Xom
Yredelemnul
Zin
The Shining One
Beogh

Shops:
D:7 ?   D:10 *


Innate Abilities, Weirdness & Mutations

You are resistant to torment.
Your stone body is resilient. (AC +9)
You are immune to poison.
You resist negative energy. (rN+)
You are resistant to electric shocks. (rElec)
You can survive without breathing.
You are immune to petrification.
You are immune to miasma.


Message History

You feel strangely unstable. The orc priest barely misses you.
The orc closely misses you. You block the two-headed ogre's attack.
The two-headed ogre misses you.
A purple ugly thing comes into view.
The orc knight roars a battlecry!
The orcs go into a battle-frenzy!
The orc priest looks braver for a moment.
The purple ugly thing moves out of view.
Your surroundings suddenly seem different.
You rampage towards the orc knight!
You hit the orc knight but do no damage.
The orc knight is lightly wounded.
The orc warrior hits you from afar with a +0 trident!
* * * LOW HITPOINT WARNING * * *
You block the orc knight's attack. The orc warrior misses you.
The orc warrior completely misses you.
As you read the scroll of teleportation, it crumbles to dust.
You feel strangely unstable. You block the orc warrior's attack.
The orc warrior hits you from afar with a +0 trident!
You die...

########oo# #...#
.ou.......########...##
,........o.....=oo......
........############... *
#######.# #o.. *
#)############... *
#########oo..........o...
,
....$...o.o...o......oo..
........@oo..########....
, ........o....# #...#
,.............########....
,
...........o....oooo.....
*
#########################


You could see an orc knight, 6 orc warriors and 3 orcs.

Vanquished Creatures
  Gastronok (D:11)
  Snorg (D:10)
  The ghost of melvinkitnick the Geomancer, a journeyman TrEE of Vehumet (D:11)
  Erolcha (D:10)
  Harold (D:10)
  A hydra (Lair:1)
  A boulder beetle (D:11)
  A centaur warrior (D:12)
  A tengu warrior (D:10)
  Urug (D:10)
  Nergalle (D:10)
  An unseen horror (D:10)
  Pikel (D:8)
  A deep elf mage (D:7)
  3 cyclopes (D:11)
  2 black mambas (Lair:1)
  A cane toad (Lair:1)
  2 komodo dragons (Lair:1)
  A rime drake (shapeshifter) (D:11)
  A tengu conjurer (D:10)
  2 trolls
  A hornet (D:7)
  A polar bear (Lair:1)
  A meliai zombie (D:11)
  Sigmund (D:6)
  A wraith (D:12)
  28 yaks
  A wyvern (D:11)
  3 sky beasts
  7 orc warriors
  3 phantoms
  5 ice beasts
  3 black bears
  3 ogres
  11 centaurs
  10 bullfrogs
  6 big kobolds
  A gnoll sergeant (D:8)
  A water moccasin zombie (D:5)
  14 scorpions
  A wyvern skeleton (D:7)
  15 killer bees
  12 wights
  An electric eel (Lair:1)
  9 howler monkeys
  5 centaur zombies
  3 human zombies (Ossuary)
  A bullfrog zombie (D:6)
  3 hounds
  5 jellies
  9 orc priests
  A gnoll shaman (D:8)
  2 quasits
  8 orc wizards
  Crazy Yiuf (D:2)
  5 iguanas
  Natasha (D:2)
  11 worker ants
  3 big kobold zombies (Ossuary)
  A hound zombie (D:10)
  A hound skeleton (D:7)
  3 mummies (Ossuary)
  A worker ant zombie (D:9)
  13 gnolls
  15 adders
  4 scorpion zombies (Ossuary)
  5 shadow imps
  2 white imps
  An ufetubus (D:5)
  3 oozes
  2 adder skeletons
  2 worms
  2 dart slugs
  6 leopard geckos
  61 orcs
  9 giant cockroaches
  2 gnoll zombies (Ossuary)
  8 goblins
  9 hobgoblins
  11 jackals
  4 quokkas
  4 bats
  3 frilled lizards
  2 goblin zombies (Ossuary)
  3 hobgoblin zombies (Ossuary)
  A jackal zombie (D:5)
  30 kobolds
  2 orc zombies (Ossuary)
  11 rats
  A butterfly (D:9)
445 creatures vanquished.

Vanquished Creatures (others)
  An adder (D:7)
1 creature vanquished.

Grand Total: 446 creatures vanquished

Notes
Turn   | Place    | Note
-------+----------+-------------------------------------------
     0 | D:1      | Borgoz the Gargoyle Gladiator began the quest for the Orb.
     0 | D:1      | Reached XP level 1. HP: 12/12 MP: 1/1
    79 | D:1      | Reached XP level 2. HP: 17/17 MP: 2/2
   430 | D:1      | Reached XP level 3. HP: 17/22 MP: 3/3
   879 | D:1      | Reached skill level 1 in Stealth
  1304 | D:2      | Noticed Natasha
  1312 | D:2      | Killed Natasha
  1313 | D:2      | Reached skill level 1 in Armour
  1313 | D:2      | Reached XP level 4. HP: 16/27 MP: 4/4
  1727 | D:2      | Found a faded altar of an unknown god.
  2007 | D:2      | Found a runed translucent door.
  2008 | D:2      | Noticed Crazy Yiuf
  2166 | D:2      | Killed Crazy Yiuf
  2167 | D:2      | Reached skill level 4 in Maces & Flails
  2167 | D:2      | Reached XP level 5. HP: 32/32 MP: 5/5
  3447 | D:5      | Entered Level 5 of the Dungeon
  3469 | D:5      | Reached XP level 6. HP: 36/37 MP: 6/6
  3542 | D:5      | Identified the +1 robe of Afuaphon {Str+2}
  3545 | D:5      | Found a sand-covered staircase.
  3549 | D:5      | Reached skill level 1 in Shields
  3558 | Ossuary  | Entered an ossuary
  3832 | Ossuary  | Reached XP level 7. HP: 25/41 MP: 7/7
  4347 | Ossuary  | Reached skill level 5 in Maces & Flails
  4462 | Ossuary  | Reached XP level 8. HP: 16/48 MP: 8/8
  5250 | D:5      | Identified a scroll of acquirement
  5250 | D:5      | Acquired 937 gold pieces
  5563 | D:5      | Reached skill level 6 in Maces & Flails
  5840 | D:6      | Reached skill level 5 in Dodging
  6158 | D:6      | Reached XP level 9. HP: 32/52 MP: 9/9
  6161 | D:6      | Noticed Sigmund
  6186 | D:6      | Killed Sigmund
  6545 | D:7      | Reached skill level 5 in Fighting
  6582 | D:7      | Noticed a hornet
  6586 | D:7      | Reached skill level 7 in Maces & Flails
  6586 | D:7      | Reached skill level 5 in Stealth
  6615 | D:7      | Killed a hornet
  7239 | D:7      | Reached skill level 5 in Armour
  7294 | D:7      | Found Dolip's Magic Scroll Shop.
  7304 | D:7      | Bought a scroll of teleportation for 36 gold pieces
  7304 | D:7      | Bought a scroll of identify for 24 gold pieces
  7354 | D:7      | Noticed a deep elf mage
  7399 | D:7      | Killed a deep elf mage
  7400 | D:7      | Reached skill level 5 in Shields
  7400 | D:7      | Reached XP level 10. HP: 9/60 MP: 10/10
  7401 | D:7      | Reached skill level 8 in Maces & Flails
  7665 | D:7      | Found a staircase to the Ecumenical Temple.
  7706 | Temple   | Entered the Ecumenical Temple
  7962 | Temple   | Became a worshipper of Ashenzari the Shackled
  8567 | D:8      | Noticed Pikel
  8598 | D:8      | Killed Pikel
  8869 | D:8      | Found a burning altar of Makhleb.
  9403 | D:9      | Reached skill level 9 in Maces & Flails
  9639 | D:9      | Found a runed translucent door.
  9640 | D:9      | Found a runed translucent door.
  9662 | D:9      | Reached XP level 11. HP: 67/67 MP: 11/11
 10274 | D:10     | Entered Level 10 of the Dungeon
 10284 | D:10     | Noticed Erolcha
 10308 | D:10     | Killed Erolcha
 10545 | D:10     | Noticed Urug
 10546 | D:10     | Found Copsoeki's Assorted Antiques.
 10578 | D:10     | Killed Urug
 10745 | D:10     | Noticed a tengu warrior
 10755 | D:10     | Killed a tengu warrior
 10756 | D:10     | Reached skill level 10 in Maces & Flails
 10826 | D:10     | Killed an unseen horror
 10866 | D:10     | Noticed Nergalle
 10868 | D:10     | Noticed a spectral orc warlord
 10868 | D:10     | Identified the cursed +0 ring mail "Sezot" {Rampage Dex+2
                  | Slay+5 Stlth-}
 10887 | D:10     | HP: 2/67 [orc warrior/+0 halberd (7)]
 11127 | D:10     | Identified the +2 spear "Gisujam" {vorpal, rN+}
 11168 | D:10     | Killed Nergalle
 11180 | D:10     | HP: 2/68 [orc warrior/+0 halberd (8)]
 11576 | D:10     | Noticed Snorg
 11594 | D:10     | Killed Snorg
 11682 | D:10     | Noticed Harold
 11695 | D:10     | Killed Harold
 11817 | D:11     | Reached XP level 12. HP: 74/74 MP: 12/12
 11909 | D:11     | Reached skill level 11 in Maces & Flails
 11910 | D:11     | Reached * piety under Ashenzari
 12150 | D:11     | Noticed Gastronok
 12167 | D:11     | Killed Gastronok
 12520 | D:11     | Found a runed translucent door.
 12520 | D:11     | Noticed melvinkitnick's ghost (journeyman TrEE)
 12894 | D:11     | Noticed a boulder beetle
 12920 | D:11     | Killed a boulder beetle
 12982 | D:11     | Found a staircase to the Lair.
 13135 | D:11     | Killed melvinkitnick's ghost
 13210 | D:10     | Bought a dazzling ring mail for 234 gold pieces
 13210 | D:10     | Identified the +2 ring mail of Ihanoc {Dex+4} (You bought
                  | it in a shop on level 10 of the Dungeon)
 13210 | D:10     | Bought a glowing scarf for 208 gold pieces
 13210 | D:10     | Bought a potion of might for 104 gold pieces
 13210 | D:10     | Bought a glowing cloak for 195 gold pieces
 13210 | D:10     | Bought a scroll of identify for 52 gold pieces
 13210 | D:10     | Bought a potion of curing for 78 gold pieces
 13266 | Lair:1   | Entered Level 1 of the Lair of Beasts
 13281 | Lair:1   | Reached skill level 10 in Dodging
 13486 | Lair:1   | Noticed a five-headed hydra
 13496 | Lair:1   | Killed a five-headed hydra
 13497 | Lair:1   | Reached skill level 12 in Maces & Flails
 13723 | Lair:1   | Reached XP level 13. HP: 79/80 MP: 13/13
 15039 | D:12     | Reached ** piety under Ashenzari
 15088 | D:12     | Found a roughly hewn altar of Beogh.
 15088 | D:12     | Found a staircase to the Orcish Mines.
 15146 | D:12     | Mangled by an orc warrior

Illustrated notes

Levels and vault maps discovered:
D:1:      dpeg_arrival_shrine, layout_loops_ring, minmay_split_cup_small
D:2:      layout_basic, chequers_ecumenical_altar_twisty,
          kennysheep_generic_room_13, uniq_crazy_yiuf_cottage, uniq_natasha
D:3:      layout_basic, serial_glass, glass_columns_a, glass_columns_b,
          feat_on_display, minmay_strange_pillars, minmay_misc_feat_hallway,
          lemuel_another_geyser
D:4:      layout_basic
D:5:      layout_loops_ring, lightli_ossuary_entry_decrepit_ruins
D:6:      layout_cave_pools, uniq_sigmund
D:7:      cheibrodos_fzero, layout_basic, minmay_temple_entry_statues_fountains,
          serial_shops, shop_fountains, hangedman_abyss_or_decor_stagger,
          st_stairs_6, eino_small_chamber_without_monster, minmay_circle_x
D:8:      layout_basic, bloody_makhleb, uniq_pikel
D:9:      lemuel_insect_pit, layout_basic, chequers_serial_rivers_large_a,
          chequers_hall_statues_corner_a
D:10:     layout_roguey [special_room_orc], serial_shops, shop, uniq_urug,
          uniq_snorg, uniq_harold, uniq_erolcha, uniq_nergalle
D:11:     layout_stronghold, lair_entry_dummy, gammafunk_ghost_grave,
          serial_co_window_serial, co_window_paths_b, co_window_corner_a,
          co_window_corner_a, co_window_paths_b, co_window_of_opportunity_a,
          co_window_paths_a, co_window_paths_a, co_window_2corner,
          co_window_broadway_b, co_window_paths_c, co_window_unsneaky_path_c,
          co_window_broadway_c, glass_columns_a, glass_columns_b, uniq_gastronok
D:12:     layout_long_grid, david_orc_5
Temple:   roderic_octagonal_lattice_temple
Lair:1:   layout_cave_pods, gammafunk_lair_bear_cave

Skill      XL: |  1  2  3  4  5  6  7  8  9 10 11 12 |
---------------+-------------------------------------+-----
Stealth        | 1 2 3 4 5 |  5.0
Armour         | 1 2 3 4 5 6 7 9 |  9.4
Dodging        | 3 4 5 6 7 9 10 | 10.7
Maces & Flails | 4 5 6 7 9 10 12 | 12.5
Fighting       | 3 4 5 7 8 9 |  9.8
Shields        | 1 2 3 5 |  5.0
Throwing       | |  1.7

Action                   |  1- 3 |  4- 6 |  7- 9 | 10-12 | 13-15 || total
-------------------------+-------+-------+-------+-------+-------++-------
Melee: Flail             |   131 |   205 |   678 |  1018 |   150 ||  2182
Throw: Throwing net      |       |       |     5 |     2 |       ||     7
Evoke: Wand              |       |       |       |     4 |       ||     4
  Use: Scroll            |     4 |     1 |    14 |     7 |     3 ||    29
       Potion            |       |       |     5 |     4 |     1 ||    10
 Stab: Sleeping          |       |     1 |       |     4 |     1 ||     6
       Distracted        |       |     1 |       |     1 |     1 ||     3
       Held in net/web   |       |       |     2 |     2 |       ||     4
       Paralysed         |       |       |       |    13 |       ||    13
Armor: Leather armour    |    25 |       |       |       |       ||    25
       Ring mail         |    33 |    30 |       |    80 |    26 ||   169
       Scale mail        |       |    84 |   338 |   355 |       ||   777
Dodge: Dodged            |    81 |    87 |   220 |   590 |    74 ||  1052
Block: Other             |     2 |    15 |       |       |       ||    17
       Kite shield       |       |   143 |   531 |   555 |       ||  1229
       Reflection        |       |     3 |     3 |    21 |     3 ||    30
       Buckler           |       |       |       |   263 |    57 ||   320

Table legend: (Time is in decaauts)
 A = Elapsed time spent in this place.
 B = Non-inter-level travel time spent in this place.
 C = Inter-level travel time spent in this place.
 D = Time resting spent in this place.
 E = Time spent auto-exploring this place.
 F = Levels seen in this place.
 G = Mean time per level.
                   A        B        C        D        E       F      G
               +--------+--------+--------+--------+--------+-----+--------+
         Total |  15276 |  14692 |    584 |   2694 |   7956 |  15 | 1018.4 |
       Dungeon |  12082 |  11561 |    521 |   1926 |   6377 |  12 | 1006.8 |
        Temple |    277 |    240 |     37 |      0 |    239 |   1 |  277.0 |
          Lair |   1317 |   1292 |     25 |      0 |   1112 |   1 | 1317.0 |
       Ossuary |   1598 |   1598 |      0 |    768 |    228 |   1 | 1598.0 |
               +--------+--------+--------+--------+--------+-----+--------+

Top non-repeatable levels by time:
 Ossuary: 1598 daAuts
    D:11: 1411 daAuts
     D:7: 1353 daAuts
  Lair:1: 1317 daAuts
     D:9: 1258 daAuts
     D:1: 1210 daAuts
    D:10: 1192 daAuts
     D:6: 1113 daAuts
     D:2: 1034 daAuts
     D:8: 1012 daAuts
     D:5: 751 daAuts
     D:3: 717 daAuts
     D:4: 540 daAuts
    D:12: 486 daAuts
  Temple: 277 daAuts
